 Dungeon Crawl Stone Soup version 0.24-a0-274-gb3763e6 (webtiles) character file.

Game seed: 3249457122648875861

6995 Zubble the Arsonist (level 10, -5/73 HPs)
             Began as a Grey Draconian Fire Elementalist on Apr 26, 2019.
             Was a Priest of Vehumet.
             Killed from afar by a gargoyle (18 damage)
             ... with a stone arrow
             ... on level 10 of the Dungeon.
             The game lasted 00:31:15 (12538 turns).

Zubble the Arsonist (DrFE)                         Turns: 12538, Time: 00:31:15

Health: -5/73      AC: 22    Str: 11    XL:     10   Next: 82%
Magic:  1/31       EV: 12    Int: 19    God:    Vehumet [***...]
Gold:   959        SH:  4    Dex: 11    Spells: 3/25 levels left

rFire    . . .     SeeInvis .   l - +2 short sword (protect)
rCold    . . .     Gourm    .   B - +0 buckler
rNeg     . . .     Faith    .   (armour unavailable)
rPois    +         Spirit   .   (helmet restricted)
rElec    .         Reflect  .   (no cloak)
rCorr    .         Harm     .   v - +2 pair of gloves
MR       .....                  (no boots)
Stlth    ++........             h - amulet of rage
HPRegen  0.22/turn              q - ring of poison resistance
MPRegen  0.22/turn              H - ring of magical power

@: protection aura
A: walk through water, unfitting armour, unbreathing, cold-blooded, AC +12
a: Renounce Religion, Evoke Berserk Rage


You were on level 10 of the Dungeon.
You worshipped Vehumet.
Vehumet was most pleased with you.
You were hungry.

You visited 2 branches of the dungeon, and saw 11 of its levels.

You collected 959 gold pieces.

Inventory:

Hand Weapons
 a - a +0 club
 j - a +2 dagger of freezing
 l - a +2 short sword of protection (weapon)
 w - a +0 trident
 S - a cursed -3 trident
Armour
 v - a +2 pair of gloves (worn)
 B - a +0 buckler (worn)
Magical Staves
 U - an uncursed staff of earth
Jewellery
 h - an amulet of rage (around neck)
 q - a ring of poison resistance (left hand)
 x - an uncursed ring of ice
 y - an uncursed ring of ice
 z - an uncursed ring of protection from fire
 E - an uncursed ring of protection from magic
 H - a ring of magical power (right hand)
 N - an uncursed ring of positive energy
Wands
 i - a wand of paralysis (6)
 r - a wand of digging (12)
 C - a wand of flame (8)
 K - a wand of clouds (4)
 M - a wand of acid (1)
 P - a wand of iceblast (9)
Scrolls
 c - 6 scrolls of remove curse
 d - 5 scrolls of noise
 e - 3 scrolls of magic mapping
 g - 2 scrolls of enchant armour
 A - a scroll of fog {unknown}
 F - a scroll of random uselessness {unknown}
 J - 2 scrolls of teleportation {unknown}
 O - 2 scrolls of amnesia {unknown}
 Q - a scroll of identify
 R - a scroll of brand weapon {unknown}
 V - a scroll of enchant weapon {unknown}
Potions
 f - 3 potions of flight
 k - a potion of might {unknown}
 m - a potion of magic {unknown}
 n - a potion of haste {unknown}
 o - 4 potions of curing
 p - 4 potions of brilliance
 s - a potion of degeneration {unknown}
 t - 6 potions of heal wounds
 u - 3 potions of agility {unknown}
 D - 3 potions of cancellation
 G - 2 potions of mutation {unknown}
 I - a potion of lignification {unknown}
 L - a potion of resistance {unknown}
Comestibles
 b - 28 rations


   Skills:
 + Level 1.8 Fighting
 - Level 1.7 Dodging
 - Level 1.7 Stealth
 - Level 4.1 Shields
 + Level 8.1 Spellcasting
 + Level 7.3 Conjurations
 + Level 8.9 Fire Magic
 - Level 2.0 Air Magic
 * Level 4.2 Poison Magic
 - Level 5.8 Evocations


You had 3 spell levels left.
You knew the following spells:

 Your Spells              Type           Power        Failure   Level  Hunger
a - Flame Tongue          Conj/Fire      #####        1%          1    None
b - Conjure Flame         Conj/Fire      #####...     1%          3    None
c - Sticky Flame          Conj/Fire      #####...     1%          4    ###....
d - Swiftness             Chrm/Air       ##......     9%          2    None
e - Fireball              Conj/Fire      #####.....   2%          5    #####..
f - Poisonous Vapours     Pois/Air       ###...       3%          2    None
g - Olgreb's Toxic Radia  Pois           ###.....     4%          4    ###....
h - Confusing Touch       Hex            #.....       9%          1    None

Your spell library contained the following spells:

 Spells                   Type           Power        Failure   Level  Hunger
 Stone Arrow              Conj/Erth      ###...       1%          3    None
 Shock                    Conj/Air       ####         1%          1    None
 Sting                    Conj/Pois      ####         1%          1    None
 Throw Flame              Conj/Fire      #####.       1%          2    None
 Inner Flame              Hex/Fire       ###.....     1%          3    None
 Mephitic Cloud           Conj/Pois/Air  ###.....     1%          3    None
 Static Discharge         Conj/Air       ####....     1%          3    None
 Confuse                  Hex            #.......     26%         3    None
 Gell's Gravitas          Tloc           #.........   26%         3    None
 Venom Bolt               Conj/Pois      ####......   7%          5    #####..
 Airstrike                Air            ###.......   11%         4    ###....
 Lightning Bolt           Conj/Air       ####......   11%         5    #####..
 Yara's Violent Unravell  Hex/Tmut       #.........   50%         5    #####..
 Petrify                  Tmut/Erth      #.......     65%         4    ###....
 Metabolic Englaciation   Hex/Ice        #.........   94%         5    #####..


Dungeon Overview and Level Annotations

Branches:
Dungeon (10/15)            Temple (1/1) D:5            Lair (0/6) D:8
    Orc (0/2) D:9

Altars:
Ashenzari
Cheibriados
Dithmenos
Elyvilon
Fedhas
Gozag
Hepliaklqana
Kikubaaqudgha
Makhleb
Nemelex Xobeh
Okawaru
Qazlal
Ru
Sif Muna
Trog
Uskayaw
Vehumet
Wu Jian
Xom
Yredelemnul
Zin
The Shining One

Shops:
D:6 (   D:8 }

Annotations:
D:4 exclusion: downstairs


Innate Abilities, Weirdness & Mutations

You can walk through water.
Your dull iron-grey scales are very hard. (AC +12)
You cannot fit into any form of body armour.
You can survive without breathing.
You are cold-blooded and may be slowed by cold attacks.


Message History

Press: ? - help, Shift-Dir - straight line, f/p - gargoyle
Aim: a gargoyle, wielding a +0 morningstar (almost destroyed)
The bolt of acid hits the gargoyle but does no damage.
The gargoyle is almost destroyed.
You block the gargoyle's attack.
Evoke which item? (* to show all) (? for menu, Esc to quit)
Aiming: Corrosive Bolt
Press: ? - help, Shift-Dir - straight line, f/p - gargoyle
Aim: a gargoyle, wielding a +0 morningstar (almost destroyed)
The bolt of acid misses the gargoyle.
You block the gargoyle's attack.
Casting: Fireball (safe; 2% risk of failure)
Confirm with . or Enter, or press ? or * to list all spells.
Aiming: Flame Tongue (safe; 1% risk of failure)
Press: ? - help, Shift-Dir - straight line, f/p - gargoyle
Aim: a gargoyle, wielding a +0 morningstar (almost destroyed)
The flame tongue hits the gargoyle but does no damage.
The gargoyle is almost destroyed.
The gargoyle hurls a stone arrow at you.
The stone arrow hits you!!
You die...

.### ###. ...### #.....
.....## ......#
##....... ......#
#........ ..(....
#........ ......######
##........
...........####.†.......
...........##...@.......
.................9......
####.........#..Z.......
####)..≈..≈.............
)....≈≈≈≈≈≈≈............
).....≈≈≈≈≈.............
.....≈≈≈≈≈≈≈..........[.
......≈≈≈≈≈.............
.......≈≈≈...#.......


You could see a gargoyle and a centaur skeleton.

Vanquished Creatures
  A hydra (D:10)
  A two-headed ogre (D:9)
  A centaur skeleton (D:10)
  A hornet (D:8)
  3 wyverns (D:8)
  Sigmund (D:5)
  A human (D:8)
  4 yaks (D:9)
  3 steam dragons (D:9)
  An orc warrior (D:10)
  A swamp drake (D:8)
  5 ice beasts
  2 sky beasts (D:6)
  2 phantoms (D:7)
  3 ogres
  A wolf (D:9)
  3 centaurs
  A crocodile (D:8)
  7 bullfrogs
  2 water moccasin skeletons
  4 killer bees (D:9)
  3 electric eels
  3 crimson imps
  3 howler monkeys
  5 hounds
  A quasit (D:8)
  2 jellies
  5 orc priests
  Ijyb (D:5)
  An iguana (D:10)
  3 orc wizards
  3 worker ants
  A killer bee zombie (D:8)
  4 adders
  3 gnolls (D:10)
  4 shadow imps
  3 white imps (D:10)
  An ooze (D:1)
  2 adder zombies
  2 adder skeletons
  2 worms (D:2)
  6 leopard geckos
  35 orcs
  2 ball pythons
  4 bats
  7 giant cockroaches
  6 goblins
  5 hobgoblins
  10 jackals
  10 kobolds
  5 quokkas
  6 frilled lizards
  2 jackal zombies (D:6)
  4 quokka zombies
  7 rats
209 creatures vanquished.

Vanquished Creatures (others)
  A human (D:4)
1 creature vanquished.

Grand Total: 210 creatures vanquished

Notes
Turn   | Place    | Note
-------+----------+-------------------------------------------
     0 | D:1      | Zubble the Draconian Fire Elementalist began the quest for
                  | the Orb.
     0 | D:1      | Reached XP level 1. HP: 14/14 MP: 3/3
   437 | D:1      | Reached XP level 2. HP: 9/20 MP: 0/5
  1143 | D:1      | Reached XP level 3. HP: 26/26 MP: 3/6
  1314 | D:2      | Learned a level 3 spell: Conjure Flame
  1641 | D:2      | Found a snail-covered altar of Cheibriados.
  2105 | D:3      | Found a sparkling altar of Nemelex Xobeh.
  2149 | D:3      | Reached XP level 4. HP: 33/33 MP: 8/8
  2440 | D:3      | Found a faded altar of an unknown god.
  3033 | D:4      | Learned a level 4 spell: Sticky Flame
  3074 | D:4      | Found a blossoming altar of Fedhas.
  3105 | D:4      | Reached XP level 5. HP: 23/38 MP: 6/9
  3667 | D:4      | Found an ancient bone altar of Kikubaaqudgha.
  3667 | D:4      | Noticed a human
  3693 | D:4      | Killed a human
  3719 | D:5      | Entered Level 5 of the Dungeon
  3817 | D:5      | Reached skill level 5 in Fire Magic
  3817 | D:5      | Reached skill level 1 in Evocations
  3827 | D:5      | Noticed Sigmund
  3954 | D:5      | Killed Sigmund
  3954 | D:5      | Reached XP level 6. HP: 29/45 MP: 6/11
  4176 | D:5      | Found a staircase to the Ecumenical Temple.
  4218 | Temple   | Entered the Ecumenical Temple
  4400 | Temple   | Became a worshipper of Vehumet
  4575 | D:5      | Noticed Ijyb
  4689 | D:5      | Noticed an ice beast
  4699 | D:5      | Killed an ice beast
  4699 | D:5      | Your scales start taking on a dull iron-grey colour.
  4699 | D:5      | Reached XP level 7. HP: 40/50 MP: 6/13
  4699 | D:5      | Gained mutation: You can survive without breathing. [Grey
                  | Draconian growth]
  4874 | D:5      | Killed Ijyb
  5191 | D:5      | Found a radiant altar of Vehumet.
  5512 | D:6      | Found a basalt altar of Yredelemnul.
  5581 | D:6      | Found Epej's Antique Weapon Shop.
  6099 | D:6      | Reached skill level 5 in Spellcasting
  6166 | D:6      | Reached XP level 8. HP: 46/57 MP: 11/15
  6769 | D:6      | Reached * piety under Vehumet
  6769 | D:6      | Offered knowledge of Magic Dart by Vehumet.
  6769 | D:6      | Reached skill level 1 in Shields
  6896 | D:6      | Learned a level 2 spell: Swiftness
  6902 | D:6      | Learned a level 5 spell: Fireball
  7703 | D:7      | Found a shimmering altar of Xom.
  8129 | D:8      | Found Apuc's Gadget Shop.
  8212 | D:8      | Reached skill level 5 in Conjurations
  8212 | D:8      | Reached XP level 9. HP: 63/63 MP: 18/18
  8383 | D:8      | Learned a level 2 spell: Poisonous Vapours
  8956 | D:8      | Reached skill level 1 in Fighting
  8956 | D:8      | Reached skill level 1 in Poison Magic
  9040 | D:8      | Offered knowledge of Throw Frost by Vehumet.
  9251 | D:8      | Reached ** piety under Vehumet
  9313 | D:8      | Found a staircase to the Lair.
  9632 | D:8      | Found an iron altar of Okawaru.
  9632 | D:8      | Found an ornate altar of the Wu Jian Council.
  9920 | D:9      | Found a staircase to the Orcish Mines.
  9987 | D:9      | Reached skill level 1 in Air Magic
  9990 | D:9      | Reached skill level 5 in Evocations
  9990 | D:9      | Reached XP level 10. HP: 24/72 MP: 11/20
 11107 | D:9      | Noticed a two-headed ogre
 11119 | D:9      | Killed a two-headed ogre
 11552 | D:9      | Found a hide-covered altar of Uskayaw.
 11682 | D:10     | Entered Level 10 of the Dungeon
 12087 | D:10     | Offered knowledge of Stone Arrow by Vehumet.
 12195 | D:10     | Learned a level 4 spell: Olgreb's Toxic Radiance
 12414 | D:10     | Reached *** piety under Vehumet
 12516 | D:10     | Learned a level 1 spell: Confusing Touch
 12521 | D:10     | Noticed an eight-headed hydra
 12524 | D:10     | Noticed a gargoyle
 12528 | D:10     | Killed an eight-headed hydra
 12538 | D:10     | Killed from afar by a gargoyle

Levels and vault maps discovered:
D:1:      enne_arrival_octagon_isle, layout_loops_ring
D:2:      layout_rooms, lemuel_tele_altar
D:3:      layout_loops_ring, nemelex_xobeh_ov_fountains_minmay,
          chequers_ecumenical_altar_simple_redux
D:4:      layout_basic, fedhas_altar_2, first_ration, tgw_kikubaaqudgha
D:5:      layout_gridville, minmay_temple_entry_mini_moons, basic_altar,
          minmay_misc_feat_rugged, hangedman_decor_clover_reticule,
          chequers_garden, dk_vineyard_2, uniq_sigmund, uniq_ijyb
D:6:      layout_loops_corners, overflow_temple_1_default, serial_shops,
          nicolae_shop_behind_doors, serial_bayou, serial_bayou_pond_e,
          serial_bayou_ford_a, serial_bayou_lagoon_a, serial_bayou_shore_b
D:7:      layout_rooms, tgw_xom
D:8:      layout_basic, gammafunk_temple_overflow_statue, erik_lair_dragon,
          serial_shops, shop_coins, grunt_pizzeria
D:9:      cheibrodos_steamvent, layout_basic, kennysheep_mini_moat, orc_0_dummy,
          minmay_misc_feat_five, kennysheep_dice
D:10:     minmay_angry_zag, layout_cave_pods, serial_ice, serial_ice_f,
          serial_ice_m, serial_ice_c, serial_ice_a
Temple:   regret_index_temple_generic_petals

Skill      XL: |  1  2  3  4  5  6  7  8  9 10 |
---------------+-------------------------------+-----
Fire Magic     | 4 5 6 7 8 |  8.9
Spellcasting   | 3 4 5 6 7 8 |  8.1
Conjurations   | 2 3 4 5 6 7 |  7.3
Evocations     | 1 2 3 5 |  5.8
Shields        | 4 |  4.1
Fighting       | 1 |  1.8
Poison Magic   | 2 4 |  4.2
Air Magic      | 1 2 |  2.0
Dodging        | |  1.7
Stealth        | |  1.7

Action                   |  1- 3 |  4- 6 |  7- 9 | 10-12 || total
-------------------------+-------+-------+-------+-------++-------
Melee: Club              |    37 |       |       |       ||    37
       Unarmed           |     3 |       |       |       ||     3
       Tailslap          |     9 |    15 |    17 |     6 ||    47
       Short sword       |    31 |   131 |   245 |    74 ||   481
       Dagger            |    10 |       |       |       ||    10
 Cast: Flame Tongue      |    40 |    47 |   151 |   108 ||   346
       Sticky Flame      |       |     1 |    15 |    13 ||    29
       Conjure Flame     |       |       |     7 |     2 ||     9
       Poisonous Vapours |       |       |     3 |     1 ||     4
       Fireball          |       |       |       |     8 ||     8
 Abil: Evoke Berserk Rag |       |     1 |       |       ||     1
Evoke: Wand              |       |       |       |     4 ||     4
  Use: Scroll            |       |     6 |     4 |       ||    10
       Potion            |       |     1 |       |       ||     1
 Stab: Sleeping          |     2 |     2 |     3 |       ||     7
  Eat: Chunk             |     4 |    10 |    18 |    12 ||    44
Armor: Skin              |    42 |    57 |   161 |    82 ||   342
Dodge: Dodged            |    76 |    91 |   200 |    85 ||   452
Block: Buckler           |       |       |    44 |    39 ||    83

Table legend:
 A = Non-vault XP
 B = Vault XP
 C = Vault XP percentage of total XP
 D = Non-vault monster count
 E = Vault monster count
 F = Vault count percentage of total count
                 A         B        C        D         E       F
            +---------+---------+-------+---------+---------+-------
      Total |    7085 |    2908 |  29.1 |     184 |      25 |  12.0
            +---------+---------+-------+---------+---------+-------
        D:1 |      46 |       0 |   0.0 |      24 |       0 |   0.0
        D:2 |      47 |       0 |   0.0 |      11 |       0 |   0.0
        D:3 |      69 |       0 |   0.0 |      18 |       0 |   0.0
        D:4 |     135 |       0 |   0.0 |       7 |       0 |   0.0
        D:5 |     446 |     244 |  35.4 |      14 |       2 |  12.5
        D:6 |     865 |       0 |   0.0 |      25 |       0 |   0.0
        D:7 |     613 |     224 |  26.8 |      14 |       6 |  30.0
        D:8 |    1077 |    1051 |  49.4 |      23 |       6 |  20.7
        D:9 |    2183 |     833 |  27.6 |      24 |       6 |  20.0
       D:10 |    1604 |     556 |  25.7 |      24 |       5 |  17.2
            +---------+---------+-------+---------+---------+-------
